 Dungeon Crawl Stone Soup version 0.32-a0-612-g1c984fe9d1 (webtiles) character file.

Game seed: 10293198102357352643

1893932 Drazool the Conqueror (level 27, 249/249 HPs)
             Began as a Coglin Hunter on Mar 4, 2024.
             Was the Champion of Okawaru.
             Escaped with the Orb
             ... and 3 runes on Mar 5, 2024!
             The game lasted 03:45:10 (54371 turns).

Drazool the Conqueror (Coglin Hunter)              Turns: 54371, Time: 03:45:10

Health: 249/249    AC: 21    Str: 11    XL:     27
Magic:  45/45      EV: 37    Int: 11    God:    Okawaru [******]
Gold:   4215       SH:  0    Dex: 36    Spells: 26/26 levels left

rFire   . . .        c - +6 hand cannon "Eviomil" {heavy, Fly rElec Str-3 SInv}
rCold   . . .        C - +9 hand cannon (elec) {Yashnoor}
rNeg    . . .        V - +5 moon troll leather armour {Spirit, Regen++ MP+5}
rPois   +            b - +1 helmet of Etewu {Str+2 Dex+3}
rElec   +            X - +2 cloak of Lesser Demons {Will++ Dex+4}
rCorr   +            F - +3 pair of gauntlets of War {Slay+5}
SInv    +            Y - +1 pair of boots of Zinoh {Regen+ MP+9 Slay+3}
Will    ++++.        (amulet unavailable)
Stlth   ++           (ring unavailable)
HPRegen 3.81/turn    (ring unavailable)
MPRegen 0.69/turn    P - secondary turbine {rPois Regen+ RegenMP+ rCorr Slay+3}

%: guardian spirit
@: flying
A: off-hand wielding, slow wielding, warmup strikes, no jewellery, mutation
resistance 1, MP-powered wands
0: Orb of Zot
}: 3/15 runes: decaying, silver, gossamer
a: Renounce Religion, Heroism, Finesse, Duel


You escaped.
You worshipped Okawaru.
Okawaru was exalted by your worship.
You visited 9 branches of the dungeon, and saw 47 of its levels.
You also visited: Trove, Ice Cave and Volcano.

You collected 7084 gold pieces.
You spent 2869 gold pieces at shops.


Innate Abilities, Weirdness & Mutations

You can wield a second weapon in your off-hand.
It takes a long time for you to wield or remove held weapons.
Your first few attacks do less damage.
You cannot equip rings or amulets.
You are somewhat resistant to further mutation.
You expend magic power (3 MP) to strengthen your wands.


   Skills:
 O Level 27 Fighting
 - Level 24.6 Ranged Weapons
 * Level 18.0 Throwing
 - Level 8.0 Armour
 + Level 19.6 Dodging
 - Level 4.0 Stealth
 - Level 11.0 Invocations
 - Level 8.0 Evocations


You had 26 spell levels left.
You didn't know any spells.
Your spell library contained the following spells:

 Spells                   Type           Power      Damage    Failure   Level
 Apportation              Tloc           0%         N/A       41%         1
 Freeze                   Ice            0%         1d3       41%         1
 Kiss of Death            Conj/Necr      0%         2d5       41%         1
 Necrotise                Necr           0%         1d4       41%         1
 Sandblast                Erth           0%         2d4       41%         1
 Shock                    Conj/Air       0%         1d3       41%         1
 Sting                    Conj/Alch      0%         1d3       41%         1
 Cigotuvi's Dreadful Rot  Necr/Alch/Air  0%         N/A       56%         2
 Ensorcelled Hibernation  Hex/Ice        0%         N/A       56%         2
 Scorch                   Fire           0%         2d5       56%         2
 Static Discharge         Conj/Air       0%         3-3/arc   56%         2
 Dazzling Flash           Conj/Hex       0%         N/A       80%         3
 Frozen Ramparts          Ice            0%         1d1       80%         3
 Fugue of the Fallen      Necr           0%         N/A       80%         3
 Gell's Gravitas          Tloc           0%         N/A       80%         3
 Hailstorm                Conj/Ice       0%         3d5       80%         3
 Inner Flame              Hex/Fire       0%         N/A       80%         3
 Mephitic Cloud           Conj/Alch/Air  0%         N/A       80%         3
 Ozocubu's Armour         Ice            0%         N/A       80%         3
 Passwall                 Erth           0%         N/A       80%         3
 Stone Arrow              Conj/Erth      0%         3d7       80%         3
 Teleport Other           Tloc           0%         N/A       80%         3
 Volatile Blastmotes      Fire/Tloc      0%         2d10      80%         3
 Airstrike                Air            0%         2d(0-16)  99%         4
 Anguish                  Hex/Necr       0%         N/A       99%         4
 Brom's Barrelling Bould  Conj/Erth      0%         2d3       99%         4
 Dispel Undead            Necr           0%         3d6       99%         4
 Flame Wave               Conj/Fire      0%         2d4       99%         4
 Fulminant Prism          Conj/Alch      0%         3d5       99%         4
 Ignite Poison            Fire/Alch      0%         N/A       99%         4
 Iskenderun's Mystic Bla  Conj/Tloc      0%         2d3       99%         4
 Manifold Assault         Tloc           0%         N/A       99%         4
 Passage of Golubria      Tloc           0%         N/A       99%         4
 Petrify                  Alch/Erth      0%         N/A       99%         4
 Sticky Flame             Fire/Alch      0%         2d4       99%         4
 Curse of Agony           Necr           0%         N/A       100%        5
 Freezing Cloud           Conj/Ice/Air   0%         6-21      100%        5
 Lee's Rapid Deconstruct  Erth           0%         3d4*      100%        5
 Metabolic Englaciation   Hex/Ice        0%         N/A       100%        5
 Silence                  Hex/Air        0%         N/A       100%        5
 Conjure Ball Lightning   Conj/Air       0%         3x3d6     100%        6
 Dispersal                Tloc           0%         N/A       100%        6
 Eringya's Noxious Bog    Alch           0%         4d6       100%        6
 Starburst                Conj/Fire      0%         6d3       100%        6
 Orb of Destruction       Conj           0%         9d5       100%        7
 Discord                  Hex            0%         N/A       100%        8
 Disjunction              Tloc           0%         N/A       100%        8
 Lehudib's Crystal Spear  Conj/Erth      0%         10d2      100%        8
 Maxwell's Capacitive Co  Air            0%         ∞         100%        8
 Chain Lightning          Conj/Air       0%         N/A       100%        9
 Fire Storm               Conj/Fire      0%         5d1       100%        9
 Shatter                  Erth           0%         3d5*      100%        9
 Summon Small Mammal      Summ           Unusable   N/A       N/A         1
 Animate Armour           Summ/Erth      Unusable   N/A       N/A         4
 Martyr's Knell           Necr/Summ      Unusable   N/A       N/A         4
 Summon Lightning Spire   Summ/Air       Unusable   N/A       N/A         4
 Summon Forest            Summ/Tloc      Unusable   N/A       N/A         5
 Death Channel            Necr           Unusable   N/A       N/A         6
 Sculpt Simulacrum        Ice/Alch       Unusable   N/A       N/A         6
 Summon Cactus Giant      Summ           Unusable   N/A       N/A         6
 Summon Hydra             Summ           Unusable   N/A       N/A         7

Inventory:

Hand Weapons
 c - the +6 hand cannon "Eviomil" (weapon) {heavy, Fly rElec Str-3 SInv}
   (Okawaru gifted it to you on level 5 of the Lair of Beasts)

   Str-3:     It affects your strength (-3).
   rElec:     It insulates you from electricity.
   SInv:      It lets you see invisible.
   Fly:       It grants you flight.
 d - the +1 hand cannon "Beastslayer" {heavy, Str-4 Int+3 Dex+5}
   (You found it in a treasure trove)

   Str-4:     It affects your strength (-4).
   Int+3:     It affects your intelligence (+3).
   Dex+5:     It affects your dexterity (+5).
 C - a +9 hand cannon of electrocution (offhand) {Yashnoor}
Missiles
 p - 20 darts of dispersal {=f}
 w - 32 silver javelins
 K - 7 throwing nets {=f}
Armour
 b - the +1 helmet of Etewu (worn) {Str+2 Dex+3}
   (You found it on level 3 of the Elven Halls)

   Str+2:     It affects your strength (+2).
   Dex+3:     It affects your dexterity (+3).
 F - the +3 pair of gauntlets of War (worn) {Slay+5}
   (You found it on level 3 of the Realm of Zot)

   Slay+5:    It affects your accuracy & damage with ranged weapons and melee
   (+5).
 T - the +5 pair of gloves of the Forest {rN+ Dex+2}
   (Okawaru gifted it to you on level 5 of the Lair of Beasts)

   Dex+2:     It affects your dexterity (+2).
   rN+:       It protects you from negative energy.
 U - a +2 pair of boots of flying
 V - the +5 moon troll leather armour (worn) {Spirit, Regen++ MP+5}
   (You bought it in a shop on level 2 of the Orcish Mines)

   MP+5:      It affects your magic capacity (+5).
   Regen++:   It increases your rate of health regeneration.
 X - the +2 cloak of Lesser Demons (worn) {Will++ Dex+4}
   (You found it on level 3 of the Elven Halls)

   Dex+4:     It affects your dexterity (+4).
   Will++:    It greatly increases your willpower.
 Y - the +1 pair of boots of Zinoh (worn) {Regen+ MP+9 Slay+3}
   (You found it on level 3 of the Depths)

   Slay+3:    It affects your accuracy & damage with ranged weapons and melee
   (+3).
   MP+9:      It affects your magic capacity (+9).
   Regen+:    It increases your rate of health regeneration.
Gizmo
 P - a secondary turbine (installed) {rPois Regen+ RegenMP+ rCorr Slay+3}
   (You invented it yourself on level 4 of the Lair of Beasts)

   [secondary turbine]

   Slay+3:    It affects your accuracy & damage with ranged weapons and melee
   (+3).
   rPois:     It protects you from poison.
   Regen+:    It increases your rate of health regeneration.
   rCorr:     It protects you from acid and corrosion.
   RegenMP+:  It increases your rate of magic regeneration.
Wands
 f - a wand of quicksilver (30)
 n - a wand of mindburst (39)
 A - a wand of polymorph (66)
 J - a wand of roots (22)
 O - a wand of digging (12)
 R - a wand of flame (143)
Scrolls
 a - 33 scrolls of identify {@r1}
 i - 10 scrolls of noise
 j - 15 scrolls of teleportation {@r2}
 m - 14 scrolls of immolation
 u - 7 scrolls of vulnerability
 v - 3 scrolls of revelation
 x - 5 scrolls of fog
 y - 3 scrolls of brand weapon
 B - 5 scrolls of fear
 D - 6 scrolls of amnesia
 E - 2 scrolls of silence {!r}
 G - 6 scrolls of poison
 I - 3 scrolls of blinking
 N - 2 scrolls of torment
 Q - 4 scrolls of enchant armour
Potions
 e - 5 potions of cancellation
 g - 7 potions of mutation
 h - 4 potions of invisibility
 k - 5 potions of might
 l - 13 potions of enlightenment
 o - 4 potions of berserk rage {!q}
 q - 9 potions of ambrosia
 r - 23 potions of curing {@q1}
 s - 6 potions of lignification
 t - 18 potions of heal wounds {@q2}
 z - 7 potions of brilliance
 H - a potion of resistance
 M - 5 potions of haste {@q3}
 S - 5 potions of attraction
 W - 5 potions of magic
Miscellaneous
 L - a phial of floods
 Z - a lightning rod (4/4)

Dungeon Overview and Level Annotations

Branches:
Dungeon (15/15)            Temple (0/1) D:7            Lair (5/5) D:10
  Swamp (4/4) Lair:3       Spider (4/4) Lair:2        Slime (0/5) Lair:4
    Orc (2/2) D:10            Elf (3/3) Orc:2        Vaults (5/5) D:13
  Crypt (0/3) Vaults:2     Depths (4/4) D:15            Zot (5/5) Depths:4
  IceCv (visited)         Volcano (visited)

Altars:
Ashenzari
Elyvilon
Hepliaklqana
Makhleb
Nemelex Xobeh
Okawaru
Ru
Sif Muna
Wu Jian
Xom
Yredelemnul
Zin
The Shining One
Beogh
Jiyva

Shops:
D:5 !   D:6 ?   D:11 !   D:12 ?[?(!   D:14 :   D:15 (   Orc:2 *![(   Elf:1 *
Elf:2 [   Elf:3 ([   Vaults:1 [   Vaults:3 [*[[?   Depths:1 *

Portals:
Hell: Lair:5 Depths:1 Depths:2 Depths:3 Depths:4
Abyss: Depths:1 Depths:3
Pandemonium: Depths:1 Depths:2 Depths:3
Ziggurat: Depths:4

Annotations:
D:4 1 runed translucent door, killozap's ghost, amateur MDFE
D:5 1 runed translucent door, Crazy Yiuf
Swamp:1 1 runed translucent door, GreenGuy14's ghost, journeyman MiFi
Elf:2 3 runed translucent doors
Elf:3 2 runed translucent doors, Viaheush's ghost, journeyman GnWn
Vaults:3 3 runed translucent doors
Zot:3 2 transporters

...####.......#####.....####.....
..## ##.#.##.# #.##.## ##.... .##
#.#.##.## ##.#### ##... ##
#....#..# #..# ##.. ####
###..##+###'## ##' ...#
#..#≈.§§≈.≈# #. ##.# #..#≈§.≈.≈≈#
#. ##.# #..#≈≈..§≈≈### ##. .#.#
##...≈.@§≈§..## ####..
.#.########.#≈≈...≈§#..#####.....
............#≈≈§≈.≈§#............
...#######..#≈.≈≈≈.≈########.....
.### ##.##+###'## #..#.. ##
#........# #..... ##########
#.###. #..... ###### #####.


There were no monsters in sight!


Message History

You shoot a bolt. The bolt hits the Orb Guardian!!!
The Orb Guardian is severely wounded.
You shoot a bolt. The bolt hits the Orb Guardian!!!
You kill the Orb Guardian!
Okawaru accepts your kill.
Unknown command.
There is an open door here.
There is a stone staircase leading up here.
You fly upwards.
Level annotation: 1 runed translucent door, killozap's ghost, amateur MDFE
There is a stone staircase leading down here.
There is a stone staircase leading up here.
You fly upwards.
A rat comes into view.
The rat moves out of view.
There is a stone staircase leading down here.
Unknown command.
What level of the Dungeon? (default 1, ? - help)
There is a stone staircase leading up here.
You fly upwards.
There is a stone staircase leading down here.
There is a stone staircase leading up here.
You fly upwards.
There is a stone staircase leading down here.
Unknown command.
There is an open door here.
You reach down and open the door.
There is an open door here.
There is a staircase leading out of the dungeon here.
You have escaped!

Skill      XL: |  1  2  3  4  5  6  7  8  9 10 11 12 13 14 15 16 17 18 19 20 21 22 23 24 25 26 27 |
---------------+----------------------------------------------------------------------------------+-----
Ranged Weapons | 4 5 6 7 8 9 11 12 15 17 18 20 22 23 24 | 24.6
Dodging        | 4 10 12 14 15 17 18 19 | 19.6
Invocations    | 4 6 8 9 11 | 11.0
Fighting       | 3 6 8 10 14 16 18 20 22 25 27 | 27.0
Evocations     | 3 4 8 |  8.0
Armour         | 5 8 |  8.0
Stealth        | 4 |  4.0
Throwing       | 10 15 18 | 18.0

Action                     |  1- 3 |  4- 6 |  7- 9 | 10-12 | 13-15 | 16-18 | 19-21 | 22-24 | 25-27 || total
---------------------------+-------+-------+-------+-------+-------+-------+-------+-------+-------++-------
   Fire: Sling             |   128 |   384 |   692 |  1718 |  2102 |       |       |       |       ||  5024
         Hand cannon       |       |       |       |       |   490 |  1398 |  1390 |  1610 |  1398 ||  6286
 Invoke: Heroism           |       |       |       |     9 |     5 |     3 |     4 |       |     2 ||    23
         Finesse           |       |       |       |     5 |     5 |     3 |     5 |       |     2 ||    20
         Receive Weapon    |       |       |       |       |     1 |       |       |       |       ||     1
         Receive Armour    |       |       |       |       |     1 |       |       |       |       ||     1
Ability: Invent Gizmo      |       |       |       |       |     1 |       |       |       |       ||     1
  Evoke: Wand              |       |       |       |     5 |     1 |       |       |       |       ||     6
    Use: Scroll            |       |     6 |     8 |     1 |    22 |     8 |     3 |     4 |     9 ||    61
         Potion            |       |       |     2 |     2 |     3 |       |     3 |     4 |    10 ||    24
 Armour: Leather armour    |     2 |    42 |    75 |       |       |       |       |       |       ||   119
         Steam dragon scal |       |       |       |   338 |   237 |       |       |       |       ||   575
         Skin              |       |       |       |       |     1 |       |       |       |       ||     1
         Troll leather arm |       |       |       |       |    73 |   331 |   147 |   236 |   174 ||   961
  Dodge: Dodged            |     7 |    48 |    74 |   273 |   292 |   354 |   157 |   376 |   275 ||  1856

Levels and vault maps discovered:
D:1:      ncdulo_lavacross, layout_loops_corners
D:2:      layout_loops_ring, dreamdust_ecumenical_altar_hidden_monk_grotto
D:3:      kennysheep_slugbush, layout_basic
D:4:      kennysheep_goblin_castle, layout_basic, kennysheep_mini_moat,
          ebering_ghost_reflecting_pool, serial_curves, eino_curves_01,
          eino_curves_02, eino_curves_01, eino_curves_02
D:5:      layout_gridville, lemuel_crystal_altar, mainiacjoe_overflow_alcove_2,
          serial_shops, shop, uniq_crazy_yiuf_cottage
D:6:      layout_basic, serial_shops, shop, uniq_eustachio, uniq_maggie
D:7:      layout_basic, kennysheep_little_box, minmay_temple_entry_hall
D:8:      layout_basic, hangedman_misty_isle
D:9:      layout_grid_maze, grunt_temple_overflow_open,
          mainiacjoe_overflow_paths, grunt_ogre_cave, minmay_statues_item,
          minmay_misc_feat_enclosed
D:10:     nzn_winding_woodlands_three_and_one
          [nzn_winding_woodlands_5x15_pockets,
          nzn_winding_woodlands_5x15_zeroes, nzn_winding_woodlands_5x15_eye,
          nzn_winding_woodlands_center_triple_pond], layout_loops_ring,
          nicolae_yredelemnul_corpse_copse, mainiacjoe_overflow_alcove_4,
          erik_lair_orcish_takeover, orc_0_dummy
D:11:     layout_roguey, serial_shops, shop, uniq_fannar
D:12:     minmay_skewed_foursquare, layout_irregular_city, serial_shops,
          nicolae_diamond_shop, shop, nicolae_shop_crystal,
          nicolae_take_the_stairs, shop, nicolae_trove_entry_path_of_doom,
          serial_glass, glass_columns_c, glass_columns_a, glass_columns_a,
          glass_columns_a, glass_columns_b, glass_columns_a, glass_columns_a,
          glass_columns_c, glass_columns_b, glass_columns_c,
          portal_ice_cave_entry_ice_simulacra, nzn_wu_jian_contemplation
D:13:     layout_layer_cave, grunt_vaults_entry_fortified, xom_teletrap_fun
D:14:     layout_cross, nicolae_lava_and_water, serial_shops,
          nicolae_shop_tiny_waterfront
D:15:     gammafunk_depths_entry_grave, layout_cave_pools, serial_shops,
          nicolae_shop_advertising_works [nicolae_subvault_shop_adworks],
          minmay_tree_intersection, kennysheep_two_boxes
Lair:1:   layout_small_grid, beast_lair_carwin_9, uniq_erica, uniq_harold
Lair:2:   layout_long_grid, spider_nest_entry_a, ice2_lemuel
Lair:3:   layout_regular_city, minmay_swamp_entry_worms, lemuel_centaur_altar,
          uniq_sonja, uniq_rupert, uniq_nessos
Lair:4:   layout_cave_pods, dpeg_slime_entry_corner, eino_house_with_fridge
Lair:5:   evil_forest, layout_concentric_octagons, grunt_megastairs_4,
          lemuel_fruit_tree
Swamp:1:  layout_basic_swamp, ebering_ghost_funeral_grove,
          evilmike_swamp_ruin_rubble_2, swamp_pool_3, nicolae_swamp_tree_isthmus
Swamp:2:  layout_basic_swamp, evilmike_swamp_ruin_house_3, swamp_pool_1_2,
          st_swamp_mini
Swamp:3:  layout_basic_swamp, evilmike_swamp_ruin_house_6,
          nicolae_swamp_bean_lake, infiniplex_staircase_pool
Swamp:4:  swamp_basic_johnstein, layout_basic_swamp, uniq_mlioglotl
Spider:1: layout_spider_delve, uniq_donald
Spider:2: layout_cave_pods, hangedman_spider_tarantella_strand
Spider:3: layout_spider_delve
Spider:4: hellmonk_spider_rune_endless_swarm
Orc:1:    layout_diamond_mine, enter_volcano_3, nicolae_orc_lost_temple
Orc:2:    st_orc_rangers, layout_caves
Elf:1:    eino_elf_arrival_sip, layout_rooms, serial_shops, shop,
          guppyfry_library_mini, nicolae_elf_big_sculpture_1, uniq_asterion
Elf:2:    nicolae_elf_blades_crystal_corner, layout_rooms, serial_shops, shop,
          nicolae_elf_variegated_diamond
Elf:3:    grunt_elf_hall_asides, layout_geoelf_castle,
          ebering_ghost_disaster_area, serial_shops, shop_fountains, shop,
          uniq_zenata, uniq_saint_roka
Vaults:1: nicolae_vaults_apartment_1, v_misc_15,
          nicolae_vaults_taking_the_gang_shopping, v_pattern_1,
          vaults_room_fancy_cross, vaults_mumra_hexcomb,
          nicolae_vaults_storing_the_good_stuff, ontoclasm_vaults_hangar,
          nicolae_vaults_diagonal_hallway_7, nicolae_vaults_trapezoid_1,
          layout_vaults_big_room
Vaults:2: nicolae_vaults_closet_pinwheel_6, hangedman_vaults_impose,
          minmay_crypt_entry_simple_sparse, vaults_room_fours,
          nicolae_vaults_door_testing_chamber, ontoclasm_vaults_ring_large,
          nicolae_vaults_ring_of_whatevers, nicolae_vaults_back_hallway,
          vaults_dpeg_encased_lava, vaults_room_corners, hangedman_vaults_slice,
          nicolae_vaults_alarming, serial_library_hellmonk_semicircle,
          ontoclasm_vaults_pinch, vaults_dpeg_ring, layout_vaults_omnicross
Vaults:3: nicolae_vaults_little_ls, nicolae_vaults_trapezoid_2,
          nicolae_vaults_trapezoid_lopsided_1, hangedman_vaults_capsules,
          abrahamwl_protected_by_tso_2, nicolae_vaults_closet_pinwheel_4,
          nicolae_vaults_prndl, nicolae_vaults_more_shelving_2,
          nicolae_vaults_storage_room_glass, nicolae_vaults_storage_closets_3,
          layout_vaults_omnigrid, serial_shops, shop, nicolae_square_shop, shop,
          shop_statue, shop
Vaults:4: ebering_ghost_inner_flame, ontoclasm_vaults_spin,
          nicolae_vaults_steering_wheel, vaults_standard_mumra_lines,
          nicolae_vaults_tetromino_Z_1, nicolae_vaults_tetromino_Z_1,
          nicolae_vaults_closet_pinwheel_2, nicolae_vaults_network_periphery,
          vaults_mumra_hex, nicolae_vaults_layer_cake_slice,
          nicolae_vaults_variable_pillar_hall, lemuel_angel_altar,
          layout_vaults_maze_snakey, serial_glass
Vaults:5
Depths:1: layout_gridlike, abyss_entry_crystal, hangedman_tar_grid_catacomb,
          grunt_pan_entry_spiral, nicolae_wooded_promenade,
          hangedman_ru_absence, serial_bayou_shore_b
Depths:2: minmay_ambush_box, layout_basic, pan_entry, grunt_metal_band,
          minmay_misc_feat_rows
Depths:3: minmay_the_grid_3x3 [minmay_the_grid_plusring,
          minmay_the_grid_minigrid_small_alt, minmay_the_grid_gridbox,
          minmay_the_grid_holed_spiral, minmay_the_grid_odd_star,
          minmay_the_grid_tree, minmay_the_grid_small_cups,
          minmay_the_grid_outer_circle, minmay_the_grid_prize_shrinking_boxes],
          layout_gridlike, abyss_entry, pf_hell_entry_great_geh,
          nicolae_kite_square_tiling_tiny, rand_demon_pan_entry_9, uniq_margery
Depths:4: grunt_bruiser_brothers, layout_small_grid, enter_ziggurat_a,
          hell_entry
Zot:1:    layout_basic
Zot:2:    regret_index_zot_pan_timeshare, layout_misc_corridors
Zot:3:    gammafunk_sealed_library, layout_basic, nicolae_diode_basic, uniq_vv
Zot:4:    layout_gridlike
Zot:5:    layout_basic

Notes
Turn   | Place    | Note
-------+----------+-------------------------------------------
     0 | D:1      | Drazool the Coglin Hunter began the quest for the Orb.
     0 | D:1      | Reached XP level 1. HP: 16/16 MP: 1/1
   320 | D:1      | Reached skill level 4 in Ranged Weapons
   320 | D:1      | Reached XP level 2. HP: 22/22 MP: 2/2
   798 | D:1      | Reached XP level 3. HP: 27/27 MP: 3/3
  1238 | D:2      | Reached skill level 5 in Ranged Weapons
  1238 | D:2      | Reached XP level 4. HP: 33/33 MP: 4/4
  1250 | D:2      | Found a faded altar of an unknown god.
  1612 | D:3      | Reached XP level 5. HP: 34/38 MP: 5/5
  1641 | D:3      | Reached skill level 6 in Ranged Weapons
  2497 | D:4      | Reached XP level 6. HP: 39/44 MP: 6/6
  2883 | D:4      | Reached skill level 7 in Ranged Weapons
  2942 | D:4      | Found a runed translucent door.
  3109 | D:4      | Found a white marble altar of Elyvilon.
  3159 | D:4      | Noticed killozap's ghost (amateur MDFE)
  3175 | D:4      | Noticed Robin
  3184 | D:4      | Killed Robin
  3547 | D:5      | Entered Level 5 of the Dungeon
  3560 | D:5      | Reached XP level 7. HP: 25/50 MP: 7/7
  3890 | D:5      | Reached skill level 8 in Ranged Weapons
  4046 | D:5      | Found an iron altar of Okawaru.
  4060 | D:5      | Became a worshipper of Warmaster Okawaru
  4157 | D:5      | Found Xalethro's Distillery.
  4163 | D:5      | Bought a potion of brilliance for 56 gold pieces
  4163 | D:5      | Bought a potion of curing for 42 gold pieces
  4163 | D:5      | Bought a potion of haste for 140 gold pieces
  4367 | D:5      | Found a hazy altar of Hepliaklqana.
  4432 | D:5      | Reached XP level 8. HP: 56/56 MP: 8/8
  4516 | D:5      | Found a runed translucent door.
  4517 | D:5      | Noticed Crazy Yiuf
  4586 | D:6      | Found Oczipt's Magic Scroll Boutique.
  4595 | D:6      | Bought a scroll of identify for 26 gold pieces
  4651 | D:6      | Reached skill level 9 in Ranged Weapons
  4655 | D:6      | Reached skill level 2 in Dodging
  4657 | D:6      | Reached skill level 1 in Invocations
  4729 | D:6      | Noticed Maggie
  4777 | D:6      | Killed Maggie
  4777 | D:6      | Reached * piety under Okawaru
  4778 | D:6      | Reached skill level 3 in Dodging
  4778 | D:6      | Reached skill level 2 in Invocations
  4888 | D:6      | Noticed Eustachio
  4916 | D:6      | Killed Eustachio
  4917 | D:6      | Reached skill level 4 in Dodging
  4917 | D:6      | Reached skill level 3 in Invocations
  4970 | D:6      | Reached skill level 4 in Invocations
  4993 | D:6      | Noticed a wyvern
  5024 | D:6      | Killed a wyvern
  5025 | D:6      | Reached skill level 3 in Fighting
  5025 | D:6      | Reached XP level 9. HP: 29/64 MP: 12/12
  5181 | D:6      | Reached ** piety under Okawaru
  5182 | D:6      | Reached skill level 4 in Fighting
  5492 | D:6      | Reached skill level 5 in Fighting
  5845 | D:7      | Reached skill level 6 in Fighting
  5873 | D:7      | Reached skill level 2 in Evocations
  6020 | D:7      | Reached skill level 3 in Evocations
  6020 | D:7      | Found a staircase to the Ecumenical Temple.
  6186 | D:7      | Found an ornate altar of the Wu Jian Council.
  6430 | D:8      | Reached *** piety under Okawaru
  6436 | D:8      | Reached skill level 5 in Invocations
  6755 | D:8      | Reached skill level 6 in Invocations
  6755 | D:8      | Reached XP level 10. HP: 68/76 MP: 14/14
  6840 | D:8      | Reached skill level 7 in Invocations
  7490 | D:9      | Found a glowing golden altar of the Shining One.
  7501 | D:9      | Found a shimmering blue altar of Sif Muna.
  7560 | D:9      | Reached **** piety under Okawaru
  7726 | D:9      | Found a glowing silver altar of Zin.
  7752 | D:9      | Reached skill level 10 in Ranged Weapons
  8621 | D:10     | Entered Level 10 of the Dungeon
  8668 | D:10     | Reached skill level 11 in Ranged Weapons
  8694 | D:10     | Noticed a two-headed ogre
  8703 | D:10     | Killed a two-headed ogre
  8703 | D:10     | Reached ***** piety under Okawaru
  8711 | D:10     | Noticed a gargoyle
  8724 | D:10     | Killed a gargoyle
  8725 | D:10     | Reached skill level 8 in Invocations
  8725 | D:10     | Reached XP level 11. HP: 81/81 MP: 15/17
  8804 | D:10     | Noticed a death knight
  8907 | D:10     | Noticed a two-headed ogre
  8915 | D:10     | Killed a two-headed ogre
  9004 | D:10     | Reached skill level 9 in Invocations
  9137 | D:10     | Found a staircase to the Lair.
  9186 | D:10     | Found a sparkling altar of Nemelex Xobeh.
  9531 | D:10     | Noticed a four-headed hydra
  9544 | D:10     | Killed a four-headed hydra
  9545 | D:10     | Reached skill level 7 in Fighting
  9779 | D:10     | Found a staircase to the Orcish Mines.
  9779 | D:10     | Noticed an orc knight
  9812 | D:10     | Reached skill level 8 in Fighting
  9835 | D:10     | Killed an orc knight
  9913 | D:10     | Noticed a manticore
  9934 | D:10     | Killed a death knight
 10171 | D:10     | Received a gift from Okawaru
 10257 | D:10     | Reached skill level 12 in Ranged Weapons
 10444 | D:10     | Reached XP level 12. HP: 74/92 MP: 18/18
 10590 | D:10     | Found a basalt altar of Yredelemnul.
 10619 | D:10     | Reached skill level 13 in Ranged Weapons
 11124 | Lair:1   | Entered Level 1 of the Lair of Beasts
 11290 | D:10     | Received a gift from Okawaru
 11917 | Lair:1   | Noticed Harold
 11950 | Lair:1   | Killed Harold
 11951 | Lair:1   | Reached skill level 14 in Ranged Weapons
 12381 | Lair:1   | Noticed Erica
 12394 | Lair:1   | Killed Erica
 12686 | Lair:1   | Reached skill level 15 in Ranged Weapons
 13120 | Lair:2   | Found a hole to the Spider Nest.
 13127 | Lair:2   | Reached XP level 13. HP: 98/98 MP: 19/19
 13672 | Lair:2   | Reached skill level 16 in Ranged Weapons
 14236 | Lair:3   | Noticed Sonja
 14247 | Lair:3   | Killed Sonja
 14247 | Lair:3   | Received a gift from Okawaru
 14341 | Lair:3   | Noticed Nessos
 14370 | Lair:3   | Killed Nessos
 15159 | Lair:3   | Found a broken altar of Ashenzari.
 15591 | Lair:3   | Reached skill level 17 in Ranged Weapons
 15795 | Lair:3   | Noticed Rupert
 15807 | Lair:3   | Paralysed by Rupert for 2 turns
 15811 | Lair:3   | Killed Rupert
 15812 | Lair:3   | Reached skill level 9 in Fighting
 15955 | Lair:3   | Received a gift from Okawaru
 16023 | Lair:3   | Identified the +6 falchion "Conservator" {heavy, ^Drain
                  | rC+++ Dex-4 SInv}
 16179 | Lair:3   | Found a staircase to the Swamp.
 16845 | Lair:4   | Reached skill level 10 in Fighting
 17096 | Lair:4   | Reached XP level 14. HP: 74/111 MP: 20/20
 17106 | Lair:4   | Acquired a secondary turbine {rPois Regen+ RegenMP+ rCorr
                  | Slay+3}
 17539 | Lair:4   | Reached skill level 11 in Fighting
 17995 | Lair:4   | Found a viscous altar of Jiyva.
 17995 | Lair:4   | Found a staircase to the Slime Pits.
 18081 | Lair:5   | Entered Level 5 of the Lair of Beasts
 18421 | Lair:4   | Received a gift from Okawaru
 18489 | Lair:5   | Reached skill level 12 in Fighting
 18805 | Lair:5   | Reached skill level 13 in Fighting
 18960 | Lair:4   | Received a gift from Okawaru
 19144 | Lair:5   | Reached skill level 14 in Fighting
 19239 | Lair:5   | Reached ****** piety under Okawaru
 19240 | Lair:5   | Acquired the +5 pair of gloves of the Forest {rN+ Dex+2}
 19240 | Lair:5   | Received a gift from Okawaru
 19256 | Lair:5   | Acquired the +6 hand cannon "Eviomil" {heavy, Fly rElec
                  | Str-3 SInv}
 19256 | Lair:5   | Received a gift from Okawaru
 19314 | Lair:5   | Received a gift from Okawaru
 19433 | Lair:5   | Reached XP level 15. HP: 109/127 MP: 21/21
 19622 | Lair:5   | Reached skill level 15 in Fighting
 19667 | Lair:5   | Found a burning altar of Makhleb.
 19702 | Lair:5   | Received a gift from Okawaru
 19707 | Lair:5   | Found a gateway to Hell.
 20187 | Orc:1    | Entered Level 1 of the Orcish Mines
 20273 | Orc:1    | Found a dark tunnel.
 20289 | Volcano  | Entered a volcano
 20427 | Volcano  | Reached skill level 16 in Fighting
 20790 | Orc:1    | Reached skill level 1 in Armour
 20842 | Orc:1    | Found a roughly hewn altar of Beogh.
 21037 | Orc:2    | Entered Level 2 of the Orcish Mines
 21179 | Orc:2    | Found a staircase to the Elven Halls.
 21180 | Orc:2    | Received a gift from Okawaru
 21413 | Orc:2    | Reached skill level 2 in Armour
 21837 | Orc:2    | Found Zoinlot's Antique Armour Shop.
 21837 | Orc:2    | Found Zerphuolu's Distillery.
 21837 | Orc:2    | Found Rapto's Assorted Antiques.
 21840 | Orc:2    | Found Jajy's Antique Weapon Boutique.
 21854 | Orc:2    | Bought the +5 moon troll leather armour {Spirit, Regen++
                  | MP+5} for 1309 gold pieces
 21854 | Orc:2    | Found the +5 moon troll leather armour {Spirit, Regen++
                  | MP+5}
 21963 | Orc:2    | Bought a potion of heal wounds for 60 gold pieces
 22177 | D:6      | Bought a scroll of poison for 52 gold pieces
 22178 | D:6      | Identified a scroll of acquirement
 22178 | D:6      | Acquired a +2 hand cannon of electrocution
 22489 | D:11     | Noticed Fannar
 22495 | D:11     | Killed Fannar
 22689 | D:11     | Found Efofi's Distillery.
 22697 | D:11     | Bought a potion of attraction for 45 gold pieces
 22844 | D:12     | Found Eluemi's Armour Emporium.
 22847 | D:12     | Reached skill level 3 in Armour
 22847 | D:12     | Found Ejipt's Magic Scroll Emporium.
 22886 | D:12     | Received a gift from Okawaru
 22901 | D:12     | Found a frozen archway.
 22912 | IceCv    | Entered an ice cave
 23206 | D:12     | Found Aliagodd's Magic Scroll Shoppe.
 23228 | D:12     | Bought a scroll of identify for 28 gold pieces
 23260 | D:12     | Found Dagh's Weapon Boutique.
 23313 | D:12     | Found Sabbiq's Distillery.
 23340 | D:12     | Reached skill level 4 in Armour
 23348 | D:12     | Identified a potion of resistance
 23406 | D:12     | Received a gift from Okawaru
 23554 | D:12     | Found an ornate altar of the Wu Jian Council.
 23717 | D:12     | Found a portal to a secret trove of treasure.
 23720 | D:12     | Reached skill level 18 in Ranged Weapons
 23869 | D:6      | Bought a scroll of fog for 52 gold pieces
 23995 | Orc:2    | Bought a scroll of fog for 120 gold pieces
 24098 | D:12     | You paid a toll of 4 scrolls of fog to enter a treasure
                  | trove
 24099 | Trove    | Entered a treasure trove
 24120 | Trove    | Identified the +4 longbow "Amienwil" {freeze, MP+9}
 24127 | Trove    | Identified the +6 longbow of Imminent Death {flame, SInv}
 24160 | Trove    | Found the +7 great mace "Undeadhunter" {deathbane, rN+}
 24162 | Trove    | Identified the +5 sling "Fitagg" {freeze, rN+ Str+2 Dex+3}
 24167 | Trove    | Identified the +0 quarterstaff of Osotsog {flame, MP+9}
 24176 | Trove    | Identified the +1 hand cannon "Beastslayer" {heavy, Str-4
                  | Int+3 Dex+5}
 24178 | Trove    | Identified the +3 sling of the Exiled Seas {heavy, Will+
                  | Int-5 Dex+2}
 24359 | D:13     | Got Amierrac's Commentary on Chthonic Zombies
 24429 | D:13     | Reached skill level 5 in Armour
 24519 | D:13     | Reached XP level 16. HP: 138/138 MP: 22/22
 24694 | D:13     | Found a shimmering altar of Xom.
 24765 | D:13     | Reached skill level 6 in Armour
 24869 | D:13     | Reached skill level 7 in Armour
 24886 | D:13     | Received a gift from Okawaru
 24901 | D:13     | Found a gate to the Vaults.
 25240 | D:14     | Reached skill level 8 in Armour
 25254 | D:14     | Found Riodohup's Book Boutique.
 25296 | D:14     | Identified the +4 scimitar of the Wary Artists {chaos, rC+}
 25360 | D:13     | Reached skill level 5 in Dodging
 25607 | D:15     | Entered Level 15 of the Dungeon
 25665 | D:15     | Found Koapnydudgh's Weapon Shoppe.
 25876 | D:15     | Reached skill level 6 in Dodging
 25914 | D:15     | Received a gift from Okawaru
 25931 | D:15     | Found a staircase to the Depths.
 25941 | D:15     | Reached skill level 7 in Dodging
 26098 | D:15     | Reached skill level 8 in Dodging
 26578 | Spider:1 | Entered Level 1 of the Spider Nest
 26717 | Spider:1 | Received a gift from Okawaru
 26817 | Spider:1 | Reached skill level 9 in Dodging
 26890 | Spider:1 | Noticed Donald
 26896 | Spider:1 | Killed Donald
 26902 | Spider:1 | Identified the +0 falchion of Damp Punishment {speed, rElec
                  | rPois rN+ Will-}
 27363 | Spider:2 | Reached skill level 10 in Dodging
 27363 | Spider:2 | Reached XP level 17. HP: 144/144 MP: 23/23
 27414 | Spider:2 | Received a gift from Okawaru
 27751 | Spider:2 | Received a gift from Okawaru
 28127 | Spider:2 | Reached skill level 10 in Invocations
 28186 | Spider:3 | Received a gift from Okawaru
 28195 | Spider:3 | Reached skill level 17 in Fighting
 28704 | Lair:2   | Identified the +1 ring mail "Tuihaz" {Int+4}
 28873 | Spider:4 | Entered Level 4 of the Spider Nest
 29418 | Spider:4 | Received a gift from Okawaru
 29421 | Spider:4 | Reached skill level 11 in Invocations
 29508 | Spider:4 | Reached skill level 18 in Fighting
 29527 | Spider:4 | Reached skill level 4 in Evocations
 29534 | Spider:4 | Reached XP level 18. HP: 157/157 MP: 26/26
 29547 | Spider:4 | Reached skill level 5 in Evocations
 29553 | Spider:4 | Received a gift from Okawaru
 29560 | Spider:4 | Reached skill level 6 in Evocations
 29656 | Spider:4 | Reached skill level 7 in Evocations
 29692 | Spider:4 | Got a gossamer rune of Zot
 30062 | Swamp:1  | Entered Level 1 of the Swamp
 30073 | Swamp:1  | Reached skill level 8 in Evocations
 30076 | Swamp:1  | Reached skill level 1 in Stealth
 30132 | Swamp:1  | Reached skill level 2 in Stealth
 30153 | Swamp:1  | Reached skill level 3 in Stealth
 30284 | Swamp:1  | Found a runed translucent door.
 30285 | Swamp:1  | Identified the +5 spear of True Grit {flame, Stlth+}
 30286 | Swamp:1  | Noticed GreenGuy14's ghost (journeyman MiFi)
 30410 | Swamp:1  | Reached skill level 4 in Stealth
 30617 | Swamp:2  | Received a gift from Okawaru
 31030 | Swamp:2  | Received a gift from Okawaru
 31256 | Swamp:3  | Reached skill level 19 in Fighting
 31578 | Swamp:4  | Entered Level 4 of the Swamp
 32006 | Swamp:4  | Noticed Mlioglotl
 32018 | Swamp:4  | Killed Mlioglotl
 32018 | Swamp:4  | Received a gift from Okawaru
 32161 | Swamp:4  | Reached skill level 20 in Fighting
 32187 | Swamp:4  | Reached XP level 19. HP: 169/169 MP: 27/27
 32227 | Swamp:4  | Got a decaying rune of Zot
 32564 | Elf:1    | Entered Level 1 of the Elven Halls
 32568 | Elf:1    | Received a gift from Okawaru
 32731 | Elf:1    | Noticed Asterion
 32743 | Elf:1    | Killed Asterion
 32756 | Elf:1    | Reached skill level 21 in Fighting
 32765 | Elf:1    | Found Opesaakh's General Store.
 32801 | Elf:1    | Received a gift from Okawaru
 33219 | Elf:2    | Found Fiopigok's Armour Boutique.
 33354 | Elf:2    | Paralysed by an air elemental for 1 turns
 33388 | Elf:2    | Reached skill level 22 in Fighting
 33421 | Elf:2    | Received a gift from Okawaru
 33527 | Elf:2    | Found a runed translucent gate.
 33528 | Elf:2    | Found a runed translucent gate.
 33528 | Elf:2    | Found a runed translucent gate.
 33638 | Elf:3    | Entered Level 3 of the Elven Halls
 33665 | Elf:3    | Found Soifuf's Weapon Emporium.
 33686 | Elf:3    | Found a large runed translucent door.
 33686 | Elf:3    | Found a large runed translucent door.
 33691 | Elf:3    | Noticed Viaheush's ghost (journeyman GnWn)
 33721 | Elf:3    | Found Goxowud's Armour Shoppe.
 33723 | Elf:3    | Noticed Saint Roka
 33746 | Elf:3    | Killed Saint Roka
 34071 | Elf:3    | Noticed Zenata
 34083 | Elf:3    | Killed Zenata
 34372 | Elf:3    | Identified the +0 robe of the Catamount {rC- Int+8 Dex+3
                  | Stlth-}
 34480 | Elf:3    | Reached XP level 20. HP: 175/184 MP: 28/28
 34503 | Elf:3    | Reached skill level 23 in Fighting
 34506 | Elf:3    | Received a gift from Okawaru
 34542 | Elf:3    | Received a gift from Okawaru
 34871 | Elf:3    | Identified the staff "Bopeg" {rC+ MP+9 Earth}
 34882 | Elf:3    | Identified the +2 cloak of Lesser Demons {Will++ Dex+4}
 34889 | Elf:3    | Identified the +6 chain mail of Gep Jaiff {rN+}
 34905 | Elf:3    | Identified the +9 shortbow of Wrath {drain, rElec rF+}
 34921 | Elf:3    | Identified the +0 helmet of Muttered Phrases {MP+9 Str-4
                  | Int+7 SInv}
 34925 | Elf:3    | Identified the +1 helmet of Etewu {Str+2 Dex+3}
 35326 | Vaults:1 | Entered Level 1 of the Vaults
 35351 | Vaults:1 | Reached skill level 24 in Fighting
 35407 | Vaults:1 | Received a gift from Okawaru
 36267 | Vaults:1 | Found Ehaqe's Armour Boutique.
 36479 | Vaults:1 | Received a gift from Okawaru
 36595 | Vaults:1 | Reached skill level 25 in Fighting
 36800 | D:12     | Bought a scroll of silence for 133 gold pieces
 37720 | Vaults:1 | Reached XP level 21. HP: 198/198 MP: 29/29
 37772 | Vaults:1 | Identified the ring "Dogaxof" {rN+ SInv}
 37773 | Vaults:1 | Identified the ring "Guvvetub" {rF+ rC+ Dex+6}
 38001 | Vaults:1 | Identified the +2 robe of Amorality {rF+ Int+6}
 38004 | Vaults:1 | Identified the +1 short sword of the Five People
                  | {antimagic, Dex+9}
 38149 | Vaults:2 | Identified the +7 dagger of Moral Flaws {vamp, rC+ SInv}
 38206 | Vaults:2 | Found a staircase to the Crypt.
 38351 | Vaults:2 | Received a gift from Okawaru
 38658 | Vaults:2 | Received a gift from Okawaru
 38665 | Vaults:2 | Reached skill level 26 in Fighting
 39472 | Vaults:3 | Found Ugoremma's Antique Armour Emporium.
 39481 | Vaults:3 | Found Faoff's Armour Emporium.
 39486 | Vaults:3 | Found Vydo's Magic Scroll Shoppe.
 39488 | Vaults:3 | Found Tigya's Armour Shoppe.
 39500 | Vaults:3 | Bought a scroll of blinking for 127 gold pieces
 39500 | Vaults:3 | Bought a scroll of enchant weapon for 127 gold pieces
 39500 | Vaults:3 | Bought a scroll of blinking for 127 gold pieces
 39581 | Vaults:3 | Received a gift from Okawaru
 39759 | Vaults:3 | Reached skill level 27 in Fighting
 39829 | Vaults:3 | Received a gift from Okawaru
 39997 | Vaults:3 | Found Danuvev's Assorted Antiques.
 40124 | Vaults:3 | Reached XP level 22. HP: 212/212 MP: 30/30
 40202 | Vaults:3 | Found a runed translucent gate.
 40202 | Vaults:3 | Found a runed translucent gate.
 40202 | Vaults:3 | Found a runed translucent gate.
 40559 | Vaults:4 | Found a runed translucent door.
 40559 | Vaults:4 | Noticed Feshunla's ghost (adept KoEn)
 40751 | Vaults:4 | Received a gift from Okawaru
 40769 | Vaults:4 | Reached skill level 11 in Dodging
 40776 | Vaults:3 | Reached skill level 19 in Ranged Weapons
 41323 | Vaults:4 | Received a gift from Okawaru
 41422 | Vaults:4 | Found a white marble altar of Elyvilon.
 41651 | Vaults:4 | Killed Feshunla's ghost
 41847 | Depths:1 | Entered Level 1 of the Depths
 42059 | Depths:1 | Received a gift from Okawaru
 42117 | Depths:1 | Found a sacrificial altar of Ru.
 42248 | Depths:1 | Found a one-way gate to the infinite horrors of the Abyss.
 42301 | Depths:1 | Found Zunue's Assorted Antiques.
 42306 | Depths:1 | Reached skill level 12 in Dodging
 42309 | Depths:1 | Reached skill level 20 in Ranged Weapons
 42316 | Depths:1 | Found Pubul's Book Emporium.
 42320 | Depths:1 | Bought 2 potions of heal wounds for 260 gold pieces
 42533 | Depths:1 | Found a one-way gate leading to the halls of Pandemonium.
 42927 | Depths:1 | Reached XP level 23. HP: 170/219 MP: 27/31
 43002 | Depths:2 | Received a gift from Okawaru
 43501 | Orc:2    | Bought a pair of glowing boots for 165 gold pieces
 44398 | Depths:3 | Received a gift from Okawaru
 44492 | Depths:3 | Reached skill level 21 in Ranged Weapons
 44493 | Depths:3 | Reached skill level 13 in Dodging
 45036 | Depths:3 | Received a gift from Okawaru
 45347 | Depths:3 | Noticed a juggernaut
 45351 | Depths:3 | Killed a juggernaut
 45369 | Depths:3 | Identified the +1 pair of boots of Zinoh {Regen+ MP+9
                  | Slay+3}
 45369 | Depths:3 | Identified the +0 helmet of the Unbroken {rF++ rN+++ Str-5
                  | Int-5}
 45369 | Depths:3 | Identified the staff "Kosimn" {rPois rF+ rC+ Tloc Alchemy}
 45450 | Depths:3 | Received a gift from Okawaru
 45658 | Depths:4 | Entered Level 4 of the Depths
 45661 | Depths:4 | Noticed a golden dragon
 45665 | Depths:4 | Killed a golden dragon
 45900 | Depths:4 | Noticed a golden dragon
 45907 | Depths:4 | Reached skill level 22 in Ranged Weapons
 45911 | Depths:4 | Killed a golden dragon
 46002 | Depths:4 | Reached skill level 14 in Dodging
 46002 | Depths:4 | Reached XP level 24. HP: 227/227 MP: 31/31
 46156 | Depths:4 | Found a one-way gateway to a ziggurat.
 46162 | Depths:4 | Received a gift from Okawaru
 46590 | Depths:4 | Found a gate to the Realm of Zot.
 47031 | Vaults:5 | Entered Level 5 of the Vaults
 47035 | Vaults:5 | Found the +7 sceptre of Torment {pain, torment}
 47049 | Vaults:5 | Received a gift from Okawaru
 47057 | Vaults:5 | Identified the +1 helmet of Fortitude {Will+ rCorr}
 47059 | Vaults:5 | Got a silver rune of Zot
 47070 | Vaults:5 | Got Sif Muna's Thoughts on the Charged Volley
 47249 | Vaults:5 | Received a gift from Okawaru
 47254 | Vaults:5 | Reached skill level 23 in Ranged Weapons
 47299 | Vaults:5 | Reached skill level 15 in Dodging
 47517 | Vaults:5 | Received a gift from Okawaru
 47869 | Vaults:5 | Identified the +2 robe of Ecaasiyfu {Int+3 Dex+3 Archmagi}
 48202 | Vaults:5 | Reached XP level 25. HP: 234/234 MP: 31/31
 48248 | Vaults:5 | Identified the +7 plate armour of Privacy {Int+3}
 48248 | Vaults:5 | Identified the ring "Bolutre" {Ice Int+5 Stlth-}
 48271 | Vaults:5 | Noticed an ancient lich
 48275 | Vaults:5 | Killed an ancient lich
 48275 | Vaults:5 | Received a gift from Okawaru
 48312 | Vaults:5 | Identified the +4 whip of Qaoxukk {venom, Dex+3}
 48342 | Vaults:5 | Identified the +8 shortbow of Floods {heavy, rC+ rN+}
 48345 | Vaults:5 | Noticed an ancient lich
 48347 | Vaults:5 | Killed an ancient lich
 48446 | Vaults:5 | Reached skill level 24 in Ranged Weapons
 49176 | Zot:1    | Entered Level 1 of the Realm of Zot
 49176 | Zot:1    | Noticed an electric golem
 49181 | Zot:1    | Killed an electric golem
 49193 | Zot:1    | Identified the +1 leather armour "Keynnass" {Regen+ Dex+3}
 49239 | Zot:1    | Received a gift from Okawaru
 49302 | Zot:1    | Reached skill level 16 in Dodging
 49703 | Zot:1    | Received a gift from Okawaru
 49737 | Zot:1    | Reached skill level 1 in Throwing
 49759 | Zot:1    | Reached skill level 2 in Throwing
 49940 | Zot:1    | Reached skill level 3 in Throwing
 50067 | Zot:2    | Reached skill level 4 in Throwing
 50118 | Zot:2    | Noticed a curse toe
 50122 | Zot:2    | Reached skill level 5 in Throwing
 50127 | Zot:2    | Killed a curse toe
 50213 | Zot:2    | Reached skill level 6 in Throwing
 50264 | Zot:2    | Reached skill level 7 in Throwing
 50388 | Zot:2    | Received a gift from Okawaru
 50411 | Zot:2    | Reached skill level 8 in Throwing
 50489 | Zot:2    | Reached skill level 9 in Throwing
 50528 | Zot:2    | Reached skill level 17 in Dodging
 50551 | Zot:2    | Reached skill level 10 in Throwing
 50558 | Zot:2    | Reached XP level 26. HP: 196/242 MP: 29/31
 50625 | Zot:2    | Received a gift from Okawaru
 50626 | Zot:2    | Reached skill level 11 in Throwing
 50711 | Zot:2    | Reached skill level 12 in Throwing
 50997 | Zot:3    | Found the +3 pair of gauntlets of War {Slay+5}
 51108 | Zot:3    | Found a transporter.
 51110 | Zot:3    | Noticed a curse toe
 51110 | Zot:3    | Noticed an ancient lich
 51112 | Zot:3    | Noticed a dread lich
 51113 | Zot:3    | Noticed an ancient lich
 51114 | Zot:3    | Identified the ring "Nanah" {rPois rC+ rCorr}
 51138 | Zot:3    | Killed a curse toe
 51138 | Zot:3    | Noticed Vv
 51141 | Zot:3    | Killed Vv
 51144 | Zot:3    | Reached skill level 13 in Throwing
 51170 | Zot:3    | Received a gift from Okawaru
 51361 | Zot:3    | Identified the +2 leather armour "Reon" {Harm Regen+ Dex+4}
 51392 | Zot:3    | Found a transporter.
 51964 | Zot:3    | Found a shimmering blue altar of Sif Muna.
 52159 | Zot:4    | Received a gift from Okawaru
 52166 | Zot:4    | Reached skill level 14 in Throwing
 52276 | Zot:4    | Reached skill level 18 in Dodging
 52289 | Zot:4    | Noticed an orb of fire
 52291 | Zot:4    | Killed an orb of fire
 52446 | Zot:4    | Identified a +0 robe of resistance
 52574 | Zot:4    | Received a gift from Okawaru
 52884 | Zot:5    | Entered Level 5 of the Realm of Zot
 52902 | Zot:4    | Reached skill level 15 in Throwing
 53032 | Zot:5    | Reached XP level 27. HP: 249/249 MP: 31/31
 53274 | Zot:5    | Noticed an ancient lich
 53279 | Zot:5    | Killed an ancient lich
 53280 | Zot:5    | Noticed a dread lich
 53282 | Zot:5    | Received a gift from Okawaru
 53286 | Zot:5    | Killed a dread lich
 53291 | Zot:5    | Noticed a curse toe
 53292 | Zot:5    | Reached skill level 16 in Throwing
 53293 | Zot:5    | Noticed an orb of fire
 53427 | Zot:5    | Killed an orb of fire
 53501 | Zot:5    | Reached skill level 19 in Dodging
 53512 | Zot:5    | Killed a curse toe
 53515 | Zot:5    | Noticed an ancient lich
 53519 | Zot:5    | Killed an ancient lich
 53524 | Zot:5    | Noticed an electric golem
 53526 | Zot:5    | Noticed an orb of fire
 53527 | Zot:5    | Killed an electric golem
 53527 | Zot:5    | Gained mutation: You are frail. (-10% HP) [an orb of fire]
 53530 | Zot:5    | Killed an orb of fire
 53530 | Zot:5    | Received a gift from Okawaru
 53531 | Zot:5    | Reached skill level 17 in Throwing
 53543 | Zot:5    | Lost mutation: You are frail. (-10% HP) [potion of
                  | mutation]
 53543 | Zot:5    | Gained mutation: You are partially covered in iridescent
                  | scales. (AC +2) [potion of mutation]
 53543 | Zot:5    | Gained mutation: You are vulnerable to heat. (rF-) [potion
                  | of mutation]
 53543 | Zot:5    | Gained mutation: Your muscles are strong. (Str +4, Int/Dex
                  | -1) [potion of mutation]
 53544 | Zot:5    | Lost mutation: You are partially covered in iridescent
                  | scales. (AC +2) [potion of mutation]
 53544 | Zot:5    | Lost mutation: Your muscles are strong. (Str +4, Int/Dex
                  | -1) [potion of mutation]
 53544 | Zot:5    | Lost mutation: You are vulnerable to heat. (rF-) [potion of
                  | mutation]
 53544 | Zot:5    | Gained mutation: You are somewhat resistant to further
                  | mutation. [potion of mutation]
 53544 | Zot:5    | Gained mutation: You expend magic power (3 MP) to
                  | strengthen your wands. [potion of mutation]
 53626 | Zot:5    | Noticed an electric golem
 53629 | Zot:5    | Killed an electric golem
 53668 | Zot:5    | Got the Orb of Zot
 54079 | D:12     | Identified +2 pearl dragon scales
 54079 | D:12     | Noticed a seraph
 54221 | D:8      | Reached skill level 18 in Throwing
 54371 | D:$      | Escaped with the Orb!

Vanquished Creatures
  A dread lich (Zot:5)
  4 ancient liches
  3 orbs of fire
  A juggernaut (Depths:3)
  Vv (Zot:3)
  5 Killer Klowns (Zot:5)
  Saint Roka (Elf:3)
  3 curse toes
  11 golden dragons
  3 electric golems
  A Brimstone Fiend (D:12)
  Rupert (Lair:3)
  An Ice Fiend (D:8)
  Mlioglotl (Swamp:4)
  2 deep elf blademasters (Elf:3)
  Zenata (Elf:3)
  6 liches
  A walking crystal tome (Depths:3)
  28 Orb Guardians
  A Hell Sentinel (D:14)
  14 tentacled monstrosities
  A walking earthen tome (Depths:3)
  Asterion (Elf:1)
  4 titans (Vaults:5)
  2 deep elf master archers (Elf:3)
  4 quicksilver dragons
  5 sphinxes
  3 Executioners (Zot:2)
  The ghost of Feshunla the Bewitcher, an adept KoEn of Dithmenos (Vaults:4)
  7 death cobs
  2 thorn hunters
  12 storm dragons
  11 shadow dragons
  Donald (Spider:1)
  8 draconian knights
  A daeva (D:12)
  4 tengu reavers
  4 draconian monks
  5 frost giants
  11 fire giants
  2 iron dragons
  12 draconian scorchers
  5 ghost moths
  8 deep elf sorcerers
  6 draconian shifters
  18 protean progenitors
  4 emperor scorpions
  8 balrugs
  7 deep elf elementalists (Elf:3)
  24 vault wardens
  6 draconian stormcallers
  2 orc warlords
  25 ironbound preservers
  A reaper (IceCv)
  7 broodmothers
  15 stone giants
  9 draconian annihilators
  26 very ugly things
  3 spriggan defenders
  10 green draconians
  Nessos (Lair:3)
  6 eleionomae
  16 black draconians
  19 yellow draconians
  5 vampire knights
  7 ironbound thunderhulks
  3 bunyips
  14 dire elephants
  12 deep elf death magi
  A lorocyproca (Depths:1)
  14 purple draconians
  15 red draconians
  8 deep elf annihilators
  17 white draconians
  7 deep elf demonologists (Elf:3)
  4 war gargoyles
  4 spark wasps
  5 blizzard demons (Zot:2)
  10 ettins
  A green death (Depths:1)
  4 fire dragons
  3 shambling mangroves
  4 deep elf high priests
  2 crystal guardians
  7 entropy weavers
  46 vault guards
  Harold (Lair:1)
  15 yaktaur captains
  3 rakshasas
  Fannar (D:11)
  2 great orbs of eyes
  A hell beast (D:11)
  10 ironbound frosthearts
  3 peacekeepers
  2 ogre magi
  3 alligators
  18 hydras
  2 death knights
  Erica (Lair:1)
  13 ice dragons
  A ghost crab (Swamp:2)
  2 jorogumos (Spider:4)
  A two-headed ogre (shapeshifter) (Vaults:5)
  A sphinx zombie (D:15)
  5 centaur warriors
  8 radroaches
  13 two-headed ogres
  A sphinx skeleton (D:15)
  9 boulder beetles
  A death yak (Lair:5)
  6 tengu warriors
  13 dancing weapons
  7 demonic crawlers
  12 deep troll earth magi
  A vampire mage (Depths:3)
  5 deep troll shamans
  2 orc high priests
  A storm dragon zombie (D:15)
  Sonja (Lair:3)
  2 occultists
  A soul eater (Depths:1)
  3 sun demons
  5 spriggan berserkers
  8 spriggans
  16 deep elf knights
  18 hell knights
  A skyshark (Zot:4)
  A shadow wraith (Vaults:5)
  10 iron trolls
  10 pharaoh ants
  2 flayed ghosts
  5 spriggan druids
  6 goliath frogs
  8 orb spiders
  2 skeletal warriors (D:15)
  71 deep trolls
  4 glowing orange brains
  4 thermic dynamos
  A shadow demon (Depths:3)
  15 swamp dragons
  A cherub (Depths:4)
  18 ironbound convokers
  12 lindwurms
  6 arcanists
  10 bog bodies
  2 sun moths
  12 deep elf archers
  8 necromancers
  14 orc knights
  5 steelbarb worms
  4 phantasmal warriors
  4 orc sorcerers
  6 harpies
  25 deep elf zephyrmancers
  9 cyclopes
  19 deep elf pyromancers
  15 wolf spiders
  32 ugly things
  2 manticores
  4 meliai (Spider:4)
  A tengu skeleton (Vaults:4)
  29 moths of wrath
  6 will-o-the-wisps
  22 elephants
  A guardian serpent (shapeshifter) (Depths:3)
  A toenail golem (D:8)
  9 kobold blastminers
  11 centaur zombies (D:10)
  19 vault sentinels
  2 ice statues (IceCv)
  2 eyes of devastation (shapeshifter)
  A water nymph (shapeshifter) (Vaults:3)
  5 gargoyles
  5 black mambas
  8 torpor snails
  19 cane toads
  A torpor snail (shapeshifter) (Depths:2)
  Maggie (D:6)
  3 orange demons (Lair:5)
  A storm dragon simulacrum (Vaults:4)
  3 large abominations (Zot:2)
  4 rime drakes
  3 efreet
  2 unseen horrors
  11 ice devils
  8 komodo dragons
  45 yaktaurs
  3 tengu conjurers
  A freezing wraith (D:14)
  5 trolls
  A hellwing (Lair:5)
  A bloated husk (Swamp:4)
  7 polar bears
  6 tyrant leeches
  A guardian mummy (D:12)
  12 hornets
  3 queen bees (Zot:1)
  22 tarantellas
  16 dream sheep
  3 glass eyes
  A tarantella (shapeshifter) (D:14)
  A blink frog (shapeshifter) (D:15)
  9 blink frogs
  2 snapping turtles
  A snapping turtle (shapeshifter) (Vaults:1)
  A human simulacrum (Vaults:4)
  A stone giant simulacrum (Vaults:4)
  3 air elementals (Elf:2)
  2 shadows
  23 jumping spiders
  34 slime creatures
  16 culicivoras
  2 vampires (D:11)
  4 water elementals
  5 wyverns
  Eustachio (D:6)
  6 wraiths
  A dire elephant simulacrum (IceCv)
  76 yaks
  2 humans (D:13)
  5 fire elementals
  A golden eye (Lair:5)
  45 redbacks
  5 basilisks
  6 steam dragons
  4 wargs
  A death yak simulacrum (D:12)
  A harpy simulacrum (IceCv)
  10 vampire mosquitoes
  2 swamp worms (shapeshifter)
  19 swamp worms
  10 hell hounds
  2 acid dragons
  17 water moccasins
  3 hydra simulacra (IceCv)
  39 orc warriors
  13 swamp drakes
  3 black bears
  5 ice beasts
  4 sky beasts
  A boggart (shapeshifter) (D:9)
  3 laughing skulls
  4 boggarts (D:14)
  7 wolves
  9 ogres
  22 centaurs
  A phantom (D:6)
  2 kobold brigands
  12 bullfrogs
  A gnoll sergeant (D:10)
  3 cane toad simulacra
  2 earth elementals
  3 scorpions
  8 wights (D:8)
  17 killer bees
  7 howler monkeys
  A jelly (D:7)
  3 bombardier beetles
  A gnoll bouda (D:7)
  21 orc priests
  2 hounds (D:4)
  5 iguanas
  7 hell rats
  16 orc wizards
  3 troll simulacra
  5 spriggan simulacra
  A yak simulacrum (Lair:4)
  4 polar bear simulacra
  5 wolf simulacra
  Robin (D:4)
  11 adders
  8 gnolls
  5 naga simulacra
  A river rat (Lair:4)
  A shadow imp (D:6)
  10 white imps
  An ufetubus (IceCv)
  16 dart slugs
  75 orcs
  4 bats
  9 endoplasms
  2 giant cockroaches (D:3)
  18 goblins
  8 hobgoblins
  8 jackals
  3 quokkas (D:1)
  8 ball pythons
  2 frilled lizards (D:1)
  14 kobolds
  5 rats
  4 river rat simulacra (Lair:4)
  11 aspiring fleshes
2267 creatures vanquished.

Vanquished Creatures (collateral kills)
  An ice statue (Lair:2)
  A blink frog (Lair:5)
  3 yaks (Lair:5)
  A water moccasin (Lair:4)
  2 hell rats (Lair:3)
8 creatures vanquished.

Vanquished Creatures (others)
  A draconian knight (Zot:4)
  A purple draconian (Zot:2)
  A deep troll (Vaults:4)
  2 bloated husks (Swamp:2)
  A blink frog (Lair:5)
  A vampire mosquito (Swamp:2)
  A hell rat (Lair:3)
  An ufetubus (IceCv)
  2 foxfires (Swamp:4)
11 creatures vanquished.

Grand Total: 2286 creatures vanquished

Table legend: (Time is in decaauts)
 A = Elapsed time spent in this place.
 B = Non-inter-level travel time spent in this place.
 C = Inter-level travel time spent in this place.
 D = Time resting spent in this place.
 E = Time spent auto-exploring this place.
 F = Levels seen in this place.
 G = Mean time per level.
                   A        B        C        D        E       F      G
               +--------+--------+--------+--------+--------+-----+--------+
         Total |  54806 |  47161 |   7645 |   5003 |  30495 |  50 | 1096.1 |
       Dungeon |  17768 |  14375 |   3393 |    967 |  10537 |  15 | 1184.5 |
          Lair |   9035 |   8051 |    984 |   1823 |   4312 |   5 | 1807.0 |
         Swamp |   2401 |   2241 |    160 |    238 |   1490 |   4 |  600.2 |
   Spider Nest |   3561 |   2941 |    620 |    136 |   2122 |   4 |  890.2 |
  Orcish Mines |   1846 |   1459 |    387 |    244 |    760 |   2 |  923.0 |
   Elven Halls |   2783 |   2480 |    303 |    110 |   1519 |   3 |  927.7 |
        Vaults |   7029 |   6284 |    745 |    722 |   3742 |   5 | 1405.8 |
        Depths |   5048 |   4341 |    707 |    586 |   2892 |   4 | 1262.0 |
           Zot |   4782 |   4440 |    342 |    157 |   2893 |   5 |  956.4 |
         Trove |     96 |     96 |      0 |      0 |     59 |   1 |   96.0 |
      Ice Cave |    290 |    290 |      0 |     15 |     78 |   1 |  290.0 |
       Volcano |    162 |    162 |      0 |      0 |     89 |   1 |  162.0 |
               +--------+--------+--------+--------+--------+-----+--------+

Top non-repeatable levels by time:
    D:10: 3342 daAuts
  Lair:3: 2108 daAuts
  Lair:4: 2018 daAuts
Vaults:5: 1880 daAuts
  Lair:2: 1732 daAuts
  Lair:1: 1699 daAuts
    D:13: 1626 daAuts
   Elf:3: 1513 daAuts
Depths:3: 1479 daAuts
  Lair:5: 1476 daAuts
     D:9: 1467 daAuts
Vaults:3: 1445 daAuts
    D:12: 1374 daAuts
Vaults:1: 1334 daAuts
Depths:1: 1296 daAuts

Table legend:
 A = Non-vault XP
 B = Vault XP
 C = Vault XP percentage of total XP
 D = Non-vault monster count
 E = Vault monster count
 F = Vault count percentage of total count
                 A         B        C        D         E       F
            +---------+---------+-------+---------+---------+-------
      Total |  813963 |  562346 |  40.9 |    1484 |     762 |  33.9
            +---------+---------+-------+---------+---------+-------
        D:1 |      34 |       0 |   0.0 |      19 |       0 |   0.0
        D:2 |      66 |       0 |   0.0 |      19 |       0 |   0.0
        D:3 |     143 |      40 |  21.9 |      23 |      10 |  30.3
        D:4 |     248 |      50 |  16.8 |      20 |      20 |  50.0
        D:5 |     642 |       0 |   0.0 |      20 |       0 |   0.0
        D:6 |    1122 |     607 |  35.1 |      22 |       2 |   8.3
        D:7 |     844 |       0 |   0.0 |      22 |       0 |   0.0
        D:8 |    1302 |     827 |  38.8 |      22 |       6 |  21.4
        D:9 |    1925 |     116 |   5.7 |      19 |       1 |   5.0
       D:10 |    3175 |   11334 |  78.1 |      30 |      37 |  55.2
       D:11 |     762 |     881 |  53.6 |       8 |       1 |  11.1
       D:12 |    5129 |    1377 |  21.2 |      13 |      11 |  45.8
       D:13 |   12111 |    6611 |  35.3 |      28 |      13 |  31.7
       D:14 |    7046 |       0 |   0.0 |      25 |       0 |   0.0
       D:15 |   10018 |    7579 |  43.1 |      22 |      10 |  31.2
     Lair:1 |    6406 |    2937 |  31.4 |      28 |       6 |  17.6
     Lair:2 |    3461 |    3289 |  48.7 |      15 |      16 |  51.6
     Lair:3 |    8864 |    4416 |  33.3 |      34 |       8 |  19.0
     Lair:4 |   10754 |    1650 |  13.3 |      39 |      16 |  29.1
     Lair:5 |   17610 |   11714 |  39.9 |      59 |      37 |  38.5
    Swamp:1 |   11958 |       0 |   0.0 |      24 |       0 |   0.0
    Swamp:2 |   17551 |    1382 |   7.3 |      30 |       2 |   6.2
    Swamp:3 |    6230 |       0 |   0.0 |      13 |       0 |   0.0
    Swamp:4 |   11107 |   19304 |  63.5 |      21 |      32 |  60.4
   Spider:1 |   10846 |    1356 |  11.1 |      33 |       1 |   2.9
   Spider:2 |   24958 |     265 |   1.1 |      53 |       1 |   1.9
   Spider:3 |   15180 |       0 |   0.0 |      32 |       0 |   0.0
   Spider:4 |    8764 |   26320 |  75.0 |      18 |      49 |  73.1
      Orc:1 |    5184 |     293 |   5.3 |      42 |       2 |   4.5
      Orc:2 |    2212 |    6493 |  74.6 |      15 |      37 |  71.2
      Elf:1 |   30377 |   11180 |  26.9 |      44 |      14 |  24.1
      Elf:2 |   12629 |    3320 |  20.8 |      27 |       4 |  12.9
      Elf:3 |   17243 |   45004 |  72.3 |      26 |      51 |  66.2
   Vaults:1 |   45495 |   14675 |  24.4 |      62 |      20 |  24.4
   Vaults:2 |   26043 |   12482 |  32.4 |      35 |      20 |  36.4
   Vaults:3 |   44022 |   17383 |  28.3 |      63 |      20 |  24.1
   Vaults:4 |   33241 |   30265 |  47.7 |      51 |      43 |  45.7
   Vaults:5 |   17688 |  116988 |  86.9 |      31 |     103 |  76.9
   Depths:1 |   30941 |   12575 |  28.9 |      42 |      11 |  20.8
   Depths:2 |   29016 |    3772 |  11.5 |      40 |       6 |  13.0
   Depths:3 |   23169 |   44310 |  65.7 |      23 |      39 |  62.9
   Depths:4 |   32330 |   15226 |  32.0 |      33 |      15 |  31.2
      Zot:1 |   57810 |    1335 |   2.3 |      57 |       1 |   1.7
      Zot:2 |   60364 |   26492 |  30.5 |      57 |      23 |  28.8
      Zot:3 |   47117 |    3119 |   6.2 |      38 |       1 |   2.6
      Zot:4 |   58460 |    1770 |   2.9 |      53 |       1 |   1.9
      Zot:5 |   42366 |   85754 |  66.9 |      34 |      36 |  51.4
      IceCv |       0 |    5371 | 100.0 |       0 |      30 | 100.0
    Volcano |       0 |    2484 | 100.0 |       0 |       6 | 100.0
            +---------+---------+-------+---------+---------+-------
